 Dungeon Crawl Stone Soup version 0.17.0-56-gd8de76c (webtiles) character file.

75 gorblad the Sneak (level 4, 0/33 HPs)
             Began as a Demonspawn Assassin on Dec 6, 2015.
             Slain by an orc
             ... wielding a +0 hand axe
              (2 damage)
             ... on level 2 of the Dungeon.
             The game lasted 00:04:05 (1797 turns).

gorblad the Sneak (Demonspawn Assassin)             Turns: 1797, Time: 00:04:05

Health: 0/33       AC:  7    Str: 12    XL:     4   Next: 11%
Magic:  4/4        EV: 12    Int: 12    God:
Gold:   107        SH:  0    Dex: 15    Spells: 0 memorised, 3 levels left

rFire  . . .     SeeInvis .     a - +2 dagger
rCold  . . .     Clarity  .     c - +0 robe
rNeg   . . .     SustAt   .     (no shield)
rPois  .         Gourm    .     (no helmet)
rElec  .         Spirit   .     d - +0 cloak
rCorr  .         Warding  .     k - +0 pair of gloves
rMut   .         Stasis   .     (no boots)
MR     .....                    (no amulet)
Stlth  +++.......               (no ring)
                                (no ring)

@: not resistant to hostile enchantments, fairly stealthy
A: claws 1, thin metallic scales 2
a: no special abilities


You were on level 2 of the Dungeon.
You were not hungry.

You visited 1 branch of the dungeon, and saw 3 of its levels.

You collected 107 gold pieces.

Inventory:

Hand Weapons
 a - a +2 dagger (weapon)
 b - a +0 blowgun
Missiles
 e - 21 poisoned needles
 f - 2 curare-tipped needles
Armour
 c - a +0 robe (worn)
 d - a +0 cloak (worn)
 k - a +0 pair of gloves (worn)
Scrolls
 o - a scroll of random uselessness {unknown}
Potions
 j - a potion of mutation
Comestibles
 g - 2 bread rations
 h - 4 fruits
 i - a slice of pizza
 l - a royal jelly
 m - a beef jerky
 n - a chunk of flesh


   Skills:
 + Level 2.2 Fighting
 + Level 2.1 Short Blades
 - Level 1.7 Throwing
 + Level 1.1 Dodging
 + Level 5.0 Stealth


You had 3 spell levels left.
You didn't know any spells.

Dungeon Overview and Level Annotations

Branches:
Dungeon (3/15)

Altars:
Gozag
Nemelex Xobeh

Annotations:
D:3 gorblad's ghost, amateur DsFi


Innate Abilities, Weirdness & Mutations

You have sharp fingernails.
You are mostly covered in thin metallic scales (AC +3).


Message History

You are too injured to fight recklessly!
You are too injured to fight recklessly!
You are too injured to fight recklessly!
You are too injured to fight recklessly!
You are too injured to fight recklessly!
You are too injured to fight recklessly!
The orc shouts!
There is a stone staircase leading up here.
The orc hits you with a hand axe.
* * * LOW HITPOINT WARNING * * *
You climb upwards.
There is a stone staircase leading down here.
You are too injured to fight recklessly!
You closely miss the orc. The orc hits you but does no damage.
You closely miss the orc. The orc hits you but does no damage.
You barely miss the orc. You closely miss the orc.
The orc hits you with a hand axe.
* * * LOW HITPOINT WARNING * * *
You hit the orc but do no damage. The orc hits you with a hand axe.
You die...

######..............(#
#.......##.########..#
#######.#####.##.# #..#
#..........>.....########..#
#.#####.#####...........#..#
#.# #.# #.#########.#..# #.#
#.# #.# ######..#..# #.#
#.#####.###o.....##### #.#
##....<....@.####.#
#)####...####.###.#....#
#[..(.........###.#.##.##
######...####.##(รท#.#..[######
####.###......)...._......#
#.............####...#.#..#
#.##.###.....(# ##.##.#..#
####.##......((..# #....#..#
#..........)..)..# #.####..#


You could see an orc.

Vanquished Creatures
  An adder (D:2)
  3 worms
  A giant gecko (D:2)
  5 giant cockroaches (D:1)
  10 hobgoblins
  4 jackals (D:2)
  10 kobolds
  A quokka (D:2)
  A ball python (D:2)
  5 bats
  2 giant newts (D:2)
  3 goblins
  9 rats
55 creatures vanquished.

Notes
Turn   | Place    | Note
--------------------------------------------------------------
     0 | D:1      | gorblad the Demonspawn Assassin began the quest for the Orb.
     0 | D:1      | Reached XP level 1. HP: 16/16 MP: 1/1
   186 | D:1      | Reached skill level 4 in Stealth
   205 | D:1      | Gained mutation: You are partially covered in thin metallic scales (AC +2). [demonic ancestry]
   205 | D:1      | Reached XP level 2. HP: 20/22 MP: 2/2
   397 | D:1      | Reached skill level 1 in Dodging
   652 | D:1      | Gained mutation: You have sharp fingernails. [demonic ancestry]
   652 | D:1      | Reached XP level 3. HP: 27/27 MP: 3/3
  1478 | D:2      | Reached skill level 5 in Stealth
  1494 | D:2      | Found a sparkling altar of Nemelex Xobeh.
  1548 | D:2      | Gained mutation: You are mostly covered in thin metallic scales (AC +3). [demonic ancestry]
  1548 | D:2      | Reached XP level 4. HP: 17/33 MP: 4/4
  1570 | D:2      | Found an opulent altar of Gozag.
  1765 | D:3      | Noticed gorblad's ghost (amateur DsFi)
  1797 | D:2      | Slain by an orc

Action                   |  1- 3 |  4- 6 || total
-------------------------+-------+-------++-------
Melee: Dagger            |   148 |    32 ||   180
  Use: Scroll            |     2 |     1 ||     3
 Stab: Sleeping          |    17 |     1 ||    18
  Eat: Chunk             |     2 |     1 ||     3
